 Dungeon Crawl Stone Soup version 0.27-a0-531-gb72ec1a1b6 (webtiles) character file.

Game seed: 9103585008035960786

9 jasper the Sneak (level 2, 0/24 HPs)
             Began as a Demonspawn Delver on Mar 5, 2021.
             Was an Initiate of Nemelex Xobeh.
             Succumbed to an adder's poison
             ... on level 5 of the Dungeon.
             The game lasted 00:00:38 (78 turns).

jasper the Sneak (Demonspawn Delver)                  Turns: 78, Time: 00:00:39

Health: 0/24       AC:  6    Str: 12    XL:     2   Next: 3%
Magic:  2/2        EV:  9    Int: 11    God:    Nemelex Xobeh [......]
Gold:   0          SH:  0    Dex: 14    Spells: 1/1 levels left

rFire    . . .     SeeInvis .   a - +0 spear
rCold    . . .     Faith    .   (no shield)
rNeg     . . .     Spirit   .   h - +0 scale mail
rPois    .         Reflect  .   (no helmet)
rElec    .         Harm     .   (no cloak)
rCorr    .         Rampage  .   (no gloves)
Will     .....                  (no boots)
Stlth    +.........             (no amulet)
HPRegen  0.08/turn              (no ring)
MPRegen  0.08/turn              (no ring)

@: lethally poisoned (0 -> -4), hasted, very quick
A: hooves 1
a: Renounce Religion, Draw Escape, Draw Destruction, Draw Summoning


You were on level 5 of the Dungeon.
You worshipped Nemelex Xobeh.
Nemelex Xobeh was noncommittal.
You visited 1 branch of the dungeon, and saw 1 of its levels.

Inventory:

Hand Weapons
 a - a +0 spear (weapon)
Missiles
 i - 10 poisoned darts (quivered)
Armour
 b - a +0 leather armour
 h - a +0 scale mail (worn)
Wands
 g - a wand of digging (3)
Scrolls
 c - a scroll of fog
 d - a scroll of magic mapping
 e - a scroll of fear


   Skills:
 + Level 3.1 Fighting
 - Level 1.7 Polearms
 + Level 0.5 Armour
 + Level 2.0 Dodging
 - Level 4.5 Stealth
 + Level 0.6 Evocations


You had one spell level left.
You didn't know any spells.
Your spell library was empty.

Dungeon Overview and Level Annotations

Branches:
Dungeon (5/15)
 Temple: D:4-7

Altars:
Nemelex Xobeh


Innate Abilities, Weirdness & Mutations

You have large cloven feet.


Message History

You hit the adder.
You kill the adder!
* * * LOW HITPOINT WARNING * * *
You feel sick.
Your Dodging skill increases to level 2!
You have reached level 2!
You feel monstrous as your demonic heritage exerts itself.
Your demonic ancestry asserts itself...
Your feet thicken and deform.
MP restored: 2
There is a lethal amount of poison in your body!
* * * LOW HITPOINT WARNING * * *
You feel sick.
You take 1 damage, and have 5/24 hp.
There is an escape hatch in the floor here.
You aren't carrying any potions.
Okay, then.
* * * LOW HITPOINT WARNING * * *
You feel sick.
There is a fountain of sparkling water here.
You take 1 damage, and have 4/24 hp.
There is a sparkling altar of Nemelex Xobeh here.
You kneel at the altar of Nemelex Xobeh.
Nemelex Xobeh welcomes you!
You can now draw from decks of power.
* * * LOW HITPOINT WARNING * * *
You feel sick.
There is a fountain of sparkling water here.
You take 1 damage, and have 3/24 hp.
Found a blackened copper wand.
* * * LOW HITPOINT WARNING * * *
You feel sick.
Found a scroll of magic mapping.
You take 1 damage, and have 2/24 hp.
* * * LOW HITPOINT WARNING * * *
You feel sick.
You take 1 damage, and have 1/24 hp.
You see here a wand of mindburst (12).
You see here a scroll of magic mapping.
You die...
Your body disappears without a glow.

### ##.. ##.... ####
#....##.#.###
#...@......# ....
##...?....### ....#
##...........#
.....##...../##..### #
...............# .#
.###........#.....# #
........#...#.....#
...#...##........## ##
#........<......####.####


There were no monsters in sight!

Vanquished Creatures
  An adder (D:5)
1 creature vanquished.

Notes
Turn   | Place    | Note
-------+----------+-------------------------------------------
     0 | D:5      | jasper the Demonspawn Delver began the quest for the Orb.
     0 | D:5      | Reached XP level 1. HP: 18/18 MP: 1/1
    31 | D:5      | Noticed an orc wizard
    33 | D:5      | Noticed an orc wizard
    45 | D:5      | Found a sparkling altar of Nemelex Xobeh.
    59 | D:5      | Gained mutation: You have large cloven feet. [demonic
                  | ancestry]
    59 | D:5      | Reached XP level 2. HP: 5/24 MP: 2/2
    65 | D:5      | Became a worshipper of Nemelex Xobeh the Trickster
    73 | D:5      | HP: 1/24 [poisoned by an adder]
    78 | D:5      | Succumbed to an adder's poison

Illustrated notes

Levels and vault maps discovered:
D:5:      layout_cave_pools, nemelex_xobeh_ov_fountains_minmay

Skill      XL: |  1 |
---------------+----+-----
Dodging        | 2 |  2.0
Fighting       | |  3.1
Polearms       | |  1.7
Armour         | |  0.5
Stealth        | |  4.5
Evocations     | |  0.6

Action                   || total
-------------------------++-------
Melee: Spear             ||     8
Throw: Dart              ||     4
  Use: Potion            ||     1
Armor: Scale mail        ||     1
Dodge: Dodged            ||     5

Table legend: (Time is in decaauts)
 A = Elapsed time spent in this place.
 B = Non-inter-level travel time spent in this place.
 C = Inter-level travel time spent in this place.
 D = Time resting spent in this place.
 E = Time spent auto-exploring this place.
 F = Levels seen in this place.
 G = Mean time per level.
                   A        B        C        D        E       F      G
               +--------+--------+--------+--------+--------+-----+--------+
         Total |     69 |     69 |      0 |      0 |      4 |   1 |   69.0 |
       Dungeon |     69 |     69 |      0 |      0 |      4 |   1 |   69.0 |
               +--------+--------+--------+--------+--------+-----+--------+

Top non-repeatable levels by time:
     D:5: 69 daAuts
